AoeStats
← Runxi24

Hill Fort

503853885Analyzed
4v4 RM · 1mo ago on Sep 2, 2026· 51m 56s· 8 players
Game mode
Random Map
Map size
Large (8 player)
Population
200
Speed
Normal
Resources
Standard
Victory
Conquest
Starting age
Dark Age
Ending age
Imperial Age
RankedLock teamsTeams togetherTeam positionsShared explorationLock speedFull tech treeHidden civsTurbo modeCheats
Victory
Defeat
🇩🇰 Slavs · Denmark
1477
+8
🇳🇱 Franks · Netherlands
1280
+16
🇪🇸 Poles · Spain
1171
+21
🇮🇳 Khmer · India
1093
+24
🇩🇪 Mongols · Germany
1580
-28
🇩🇪 Persians · Germany
1232
-15
🇩🇪 Spanish · Germany
1203
-14
🇩🇪 Huns · Germany
1147
-11
Naschii
7:59 Loom
10:24 Feudal Age
15:09 Castle Age
13:51 Horse Collar
14:36 Double-Bit Axe
24:20 Wheelbarrow
30:27 Imperial Age
28:31 Heavy Plow
28:53 Bow Saw
32:32 Hand Cart
34:06 Cavalier
35:21 Scale Barding Armor
35:28 Forging
35:16 Paladin
36:24 Chain Barding Armor
37:31 Iron Casting
37:12 Gold Mining
37:34 Husbandry
37:44 Bloodlines
39:36 Plate Barding Armor
40:47 Blast Furnace
49:27 Two-Man Saw
fanalhb
6:20 Loom
9:23 Feudal Age
15:30 Castle Age
15:35 Double-Bit Axe
19:26 Bloodlines
19:50 Horse Collar
20:42 Gold Mining
22:50 Scale Barding Armor
26:21 Husbandry
28:15 Wheelbarrow
29:32 Forging
30:58 Iron Casting
34:53 Town Watch
35:55 Chain Barding Armor
35:49 Heavy Plow
38:49 Imperial Age
38:44 Cavalier
41:37 Savar
42:59 Fletching
44:07 Capped Ram
45:54 Plate Barding Armor
45:23 Siege Ram
47:29 Kamandaran
49:48 Crossbowman
Eule_Keule
8:16 Loom
10:14 Feudal Age
11:02 Horse Collar
11:08 Double-Bit Axe
17:45 Castle Age
15:58 Fletching
16:12 Gold Mining
16:58 Padded Archer Armor
17:34 Bloodlines
19:09 Bodkin Arrow
19:30 Husbandry
24:20 Heavy Plow
24:56 Ballistics
24:54 Leather Archer Armor
26:26 Stone Mining
27:18 Thumb Ring
28:47 Wheelbarrow
29:14 Town Watch
30:31 Forging
30:21 Scale Mail Armor
30:28 Scale Barding Armor
31:26 Marauders
34:29 Iron Casting
38:08 Chain Barding Armor
39:05 Bow Saw
42:59 Imperial Age
44:24 Elite Tarkan
46:47 Blast Furnace
48:08 Bracer
Falsche Haut
9:26 Feudal Age
13:29 Castle Age
12:33 Double-Bit Axe
13:09 Loom
18:09 Fletching
21:41 Bodkin Arrow
24:11 Bow Saw
25:31 Gold Mining
26:04 Horse Collar
29:22 Wheelbarrow
28:51 Heavy Plow
32:11 Hand Cart
36:12 Imperial Age
34:43 Padded Archer Armor
36:03 Husbandry
36:40 Thumb Ring
36:52 Leather Archer Armor
36:41 Stone Mining
37:17 Ballistics
36:32 Light Cavalry
37:22 Bloodlines
37:49 Bracer
38:51 Chemistry
38:53 Parthian Tactics
39:12 Gold Shaft Mining
38:31 Hussar
39:36 Elite Skirmisher
41:53 Forging
42:18 Heavy Cavalry Archer
45:07 Onager
46:20 Scale Barding Armor
49:18 Iron Casting
49:05 Chain Barding Armor
50:40 Caravan
52:06 Blast Furnace
51:45 Conscription
Lord Longshaft
2:29 Loom
10:01 Feudal Age
10:48 Horse Collar
14:48 Double-Bit Axe
17:34 Wheelbarrow
17:52 Loom
21:18 Castle Age
19:34 Scale Barding Armor
20:11 Stone Mining
22:12 Husbandry
21:34 Light Cavalry
23:09 Chain Barding Armor
25:35 Forging
27:26 Town Watch
29:31 Bow Saw
31:18 Iron Casting
31:41 Fletching
32:27 Hand Cart
36:07 Imperial Age
34:11 Detinets
35:27 Heavy Plow
35:55 Gold Mining
35:39 Pikeman
36:19 Squires
36:21 Scale Mail Armor
37:52 Chain Mail Armor
38:26 Town Patrol
39:06 Plate Mail Armor
38:35 Halberdier
40:00 Gold Shaft Mining
41:14 Conscription
42:20 Blast Furnace
42:39 Chemistry
43:04 Hoardings
43:25 Bodkin Arrow
44:34 Ballistics
44:43 Druzhina
45:18 Sappers
47:35 Hussar
48:26 Bloodlines
49:05 Siege Engineers
50:27 Man-at-Arms
52:24 Coinage
Medina90
11:49 Feudal Age
13:12 Loom
17:00 Castle Age
15:58 Double-Bit Axe
22:52 Wheelbarrow
35:49 Scale Mail Armor
37:52 #83
39:06 Hand Cart
39:20 Husbandry
39:33 Forging
39:28 Stone Mining
40:22 Chain Mail Armor
40:13 Scale Barding Armor
42:40 Iron Casting
42:25 Chain Barding Armor
42:23 Hand Cart
44:50 Gold Mining
49:59 Imperial Age
49:19 Ballistics
48:55 Murder Holes
52:05 Hoardings
51:51 Conscription
51:34 Cavalier
Runxi24
10:31 Feudal Age
8:51 Loom
10:33 Loom
14:24 Castle Age
13:21 Double-Bit Axe
14:05 Stone Mining
14:31 Horse Collar
24:41 Bow Saw
25:56 Bloodlines
26:38 Szlachta Privileges
27:49 Scale Barding Armor
28:03 Fletching
28:55 Husbandry
31:49 Heavy Plow
35:54 Chain Barding Armor
38:57 Forging
41:26 Imperial Age
39:32 Wheelbarrow
41:38 Fletching
42:24 Iron Casting
42:24 Hand Cart
41:35 Cavalier
43:44 Conscription
50:48 Blast Furnace
51:14 Bodkin Arrow
51:25 Gold Mining
KingShark
11:47 Feudal Age
15:26 Castle Age
14:31 Double-Bit Axe
14:31 Horse Collar
17:00 Wheelbarrow
17:00 Bow Saw
18:04 Gold Mining
27:14 Imperial Age
29:05 Ballistics
30:52 Double Crossbow
31:24 Heavy Scorpion
32:51 Hand Cart
40:19 Elite Battle Elephant
41:09 Bloodlines
41:00 Husbandry
42:00 Siege Engineers
42:11 Forging
42:06 Scale Barding Armor
44:16 Chemistry
47:08 Chain Barding Armor
47:24 Iron Casting
51:10 Plate Barding Armor
51:36 Blast Furnace
Connection lost

Rejoining the realm…

Still unreachable

The connection could not be restored.

Session expired

The server has moved on; the page needs a fresh start.